 Dungeon Crawl Stone Soup version 0.24.0-1-gfbc8707 (webtiles) character file.

Game seed: 5536602637870468814, levelgen mode: deterministic

183 Fang the Skirmisher (level 5, -8/34 HPs)
             Began as a Gargoyle Berserker on Nov 6, 2019.
             Was a Believer of Trog.
             Mangled by Sigmund
             ... wielding a +0 scythe
              (11 damage)
             ... while paralysed
             ... on level 3 of the Dungeon.
             The game lasted 00:01:47 (1621 turns).

Fang the Skirmisher (Gargoyle Berserker)            Turns: 1621, Time: 00:01:48

Health: -8/34      AC:  6    Str: 22    XL:     5   Next: 62%
Magic:  5/5        EV:  2    Int:  7    God:    Trog [**....]
Gold:   73         SH:  0    Dex:  9    Spells: 4/4 levels left

rFire    . . .     SeeInvis .   a - +0 hand axe
rCold    . . .     Gourm    .   (no shield)
rNeg     + . .     Faith    .   b - +0 animal skin
rPois    ∞         Spirit   .   (no helmet)
rElec    +         Reflect  .   (no cloak)
rCorr    .         Harm     .   (no gloves)
MR       .....                  (no boots)
Stlth    +.........             (no amulet)
HPRegen  0.11/turn              (no ring)
MPRegen  0.09/turn              (no ring)

@: paralysed, berserk cooldown, slowed
A: negative energy resistance 1, electricity resistance, unbreathing,
petrification resistance, rot immunity, AC +4
a: Berserk, Trog's Hand, Renounce Religion


You were on level 3 of the Dungeon.
You worshipped Trog.
Trog was pleased with you.
You were not hungry.

You visited 1 branch of the dungeon, and saw 3 of its levels.

You collected 73 gold pieces.

Inventory:

Hand Weapons
 a - a +0 hand axe (weapon)
Armour
 b - a +0 animal skin (worn)
Jewellery
 k - an uncursed ring of see invisible {unknown}
Scrolls
 d - 2 scrolls of teleportation {unknown}
 g - 8 scrolls of identify {unknown}
 h - a scroll of noise {unknown}
 i - 2 scrolls of remove curse {unknown}
Potions
 e - a potion of mutation {unknown}
 f - a potion of lignification {unknown}
 j - a potion of invisibility {unknown}
 l - a potion of resistance {unknown}
Comestibles
 c - 2 rations


   Skills:
 + Level 4.3 Fighting
 + Level 3.6 Axes
 + Level 3.6 Armour
 + Level 2.6 Dodging


You had 4 spell levels left.
You didn't know any spells.
Your spell library was empty.

Dungeon Overview and Level Annotations

Branches:
Dungeon (3/15)

Altars:

Annotations:
D:3 Sigmund


Innate Abilities, Weirdness & Mutations

You are resistant to torment.
Your stone body is resilient. (AC +4)
You are immune to poison.
You resist negative energy. (rN+)
You are resistant to electric shocks. (rElec)
You can survive without breathing.
You are immune to petrification.
You are immune to rotting.


Message History

Ijyb hits you.
* * * LOW HITPOINT WARNING * * *
Unknown command.
You barely miss Ijyb.
Ijyb is severely wounded.
Something hits you.
* * * LOW HITPOINT WARNING * * *
Ijyb hits you but does no damage.
Unknown command.
You slash Ijyb!
You kill Ijyb!
Trog accepts your kill.
Unknown command.
You are no longer berserk.
You pass out from exhaustion.
You feel yourself slow down. Something hits you but does no damage.
Something hits you.
* * * LOW HITPOINT WARNING * * *
Something hits you!
You die...

#..###.#.###...##
#<.# ........##
#..# ##.####.#
#..# #.# #..#
#'## #...
######.## #.###
.........## #..
#########.## #..
.........@.#
#######..{.+
.......#
#.......##
.......## .##...#
##+#


There were no monsters in sight!

Vanquished Creatures
  An ice beast (D:2)
  Ijyb (D:3)
  Terence (D:2)
  An ooze (D:1)
  A leopard gecko (D:2)
  An orc (D:2)
  8 bats
  2 giant cockroaches
  7 goblins (D:1)
  5 hobgoblins
  3 frilled lizards (D:1)
  4 kobolds
  2 rats (D:1)
37 creatures vanquished.

Notes
Turn   | Place    | Note
-------+----------+-------------------------------------------
     0 | D:1      | Fang the Gargoyle Berserker began the quest for the Orb.
     0 | D:1      | Reached XP level 1. HP: 14/14 MP: 1/1
    77 | D:1      | Reached XP level 2. HP: 9/19 MP: 2/2
   532 | D:1      | Reached XP level 3. HP: 19/23 MP: 3/3
   542 | D:1      | Reached ** piety under Trog
   813 | D:2      | Noticed Terence
   826 | D:2      | Killed Terence
   826 | D:2      | Reached XP level 4. HP: 29/29 MP: 4/4
   943 | D:2      | Noticed an ice beast
   949 | D:2      | Killed an ice beast
   949 | D:2      | Reached skill level 4 in Fighting
   949 | D:2      | Reached XP level 5. HP: 33/33 MP: 5/5
  1595 | D:3      | Noticed Ijyb
  1597 | D:3      | Noticed Sigmund
  1601 | D:3      | Paralysed by Ijyb for 2 turns
  1607 | D:3      | Paralysed by Ijyb for 4 turns
  1617 | D:3      | Killed Ijyb
  1621 | D:3      | Mangled by Sigmund

Levels and vault maps discovered:
D:1:      dpeg_arrival_refuge, layout_loops_ring
D:2:      layout_loops_ring, uniq_terence
D:3:      layout_loops_corners, serial_co_window_serial,
          co_window_of_opportunity_a, co_window_paths_a, co_window_paths_b,
          co_window_paths_b, co_window_paths_a, co_window_paths_b,
          co_window_paths_b, co_window_of_opportunity_c, co_window_corner_ca,
          co_window_corner_b, co_window_corner_b, co_window_corner_b,
          co_window_2corner, co_window_broadway_a, co_window_4corner_a,
          uniq_ijyb, uniq_jessica, uniq_sigmund, uniq_grinder

Skill      XL: |  1  2  3  4 |
---------------+-------------+-----
Axes           | 3 |  3.6
Dodging        | 2 |  2.6
Armour         | 3 |  3.6
Fighting       | 4 |  4.3

Action                   |  1- 3 |  4- 6 || total
-------------------------+-------+-------++-------
Melee: Hand axe          |    96 |    41 ||   137
Invok: Berserk           |     1 |     2 ||     3
  Eat: Chunk             |       |     2 ||     2
       Ration            |       |     1 ||     1
Armor: Animal skin       |    34 |    13 ||    47
Dodge: Dodged            |    64 |    25 ||    89
